[ AOE2 MATCH · #507293138 ]
UnrankedHindustanis vs Chinese
Player's team · LOSS
Rival team · WIN
[ REPLAY ANALYSIS · EXTRACTED FROM THE RECORDED GAME ]
Feudal
11:53
Castle
18:46
Imperial
—
| APM avg | 51.9 |
| APM peak | 116 |
| eAPM avg | 22.3 |
| Villagers / military | 110 / 37 |
Focus
⚔️ 29.0% · 🌾 71.0%
Archer ×28 · Militia ×3 · Mangonel ×3 · Cavalry Archer ×2 · Monk ×1
Feudal
9:08
Castle
19:34
Imperial
33:36
| APM avg | 46.6 |
| APM peak | 86 |
| eAPM avg | 21.3 |
| Villagers / military | 113 / 51 |
Focus
⚔️ 22.8% · 🌾 77.2%
Archer ×48 · Trebuchet (Packed) ×2 · Knight ×1
Match map
Initial resources + every placement click. Lines = walls · curves = elevation contours. ◆ gold · ⬟ stone · ● berries · ✦ relic · ◌ wall gap
Your base· ✓ Closed at 18:46 · 49t walls · no gate
Mülayim Sert's base· ✓ Closed at 19:34 · 24t walls · 1 gate(s)
Smoothed initial terrain · ◌ = detected wall gap · hover for details
Inputs per minute
— Katega - - Mülayim Sert
Build order — Katega
First 150 of 257 actions detected
| 0:00 | Queue | Villager (Male) |
| 0:02 | Build | House |
| 0:03 | Build | House |
| 0:08 | Queue | Villager (Male) |
| 0:08 | Queue | Villager (Male) |
| 0:22 | Queue | Villager (Male) |
| 1:35 | Queue | Villager (Male) |
| 1:53 | Build | Lumber Camp |
| 1:59 | Queue | Villager (Male) |
| 2:27 | Queue | Villager (Male) |
| 2:27 | Queue | Villager (Male) |
| 2:27 | Queue | Villager (Male) |
| 2:49 | Queue | Villager (Male) |
| 3:05 | Queue | Villager (Male) |
| 3:05 | Queue | Villager (Male) |
| 3:45 | Queue | Villager (Male) |
| 4:18 | Build | House |
| 4:33 | Queue | Villager (Male) |
| 4:34 | Queue | Villager (Male) |
| 5:01 | Queue | Villager (Male) |
| 5:23 | Build | Barracks |
| 5:53 | Queue | Villager (Male) |
| 5:53 | Queue | Villager (Male) |
| 6:06 | Build | House |
| 6:08 | Queue | Militia |
| 6:08 | Queue | Militia |
| 6:11 | Queue | Militia |
| 6:40 | Queue | Villager (Male) |
| 6:48 | Build | Palisade Wall |
| 7:13 | Queue | Villager (Male) |
| 7:17 | Build | House |
| 7:34 | Queue | Villager (Male) |
| 7:37 | Research | Loom |
| 8:25 | Build | Mill |
| 9:43 | Research | Feudal Age |
| 10:08 | Build | Palisade Wall |
| 10:09 | Build | Palisade Wall |
| 10:10 | Build | Palisade Wall |
| 10:10 | Build | Palisade Wall |
| 10:17 | Build | Palisade Wall |
| 10:27 | Build | Palisade Wall |
| 10:31 | Build | Palisade Wall |
| 10:34 | Build | Farm |
| 10:35 | Build | Farm |
| 10:36 | Build | Farm |
| 10:38 | Build | Farm |
| 10:58 | Build | Farm |
| 11:10 | Build | House |
| 11:12 | Build | House |
| 11:15 | Queue | Villager (Male) |
| 11:23 | Build | Farm |
| 11:29 | Build | Farm |
| 11:36 | Build | Farm |
| 11:39 | Queue | Villager (Male) |
| 11:43 | Build | Mining Camp |
| 11:53 | Age | Feudal Age |
| 12:13 | Queue | Villager (Male) |
| 12:13 | Queue | Villager (Male) |
| 12:33 | Build | Blacksmith |
| 12:48 | Research | Double-Bit Axe |
| 12:48 | Research | Double-Bit Axe |
| 13:07 | Queue | Villager (Male) |
| 13:07 | Queue | Villager (Male) |
| 13:45 | Queue | Villager (Male) |
| 14:14 | Build | Market |
| 14:17 | Build | House |
| 14:34 | Queue | Villager (Male) |
| 14:59 | Queue | Villager (Male) |
| 15:00 | Queue | Villager (Male) |
| 15:07 | Build | Archery Range |
| 15:40 | Build | Farm |
| 16:06 | Research | Castle Age |
| 16:07 | Research | Castle Age |
| 16:24 | Build | Farm |
| 16:30 | Queue | Archer |
| 16:30 | Queue | Archer |
| 16:37 | Build | Farm |
| 16:46 | Research | Gold Mining |
| 16:47 | Research | Gold Mining |
| 17:00 | Queue | Archer |
| 17:17 | Queue | Villager (Male) |
| 17:29 | Queue | Archer |
| 17:33 | Build | House |
| 17:35 | Build | House |
| 17:46 | Research | Fletching |
| 17:47 | Research | Fletching |
| 17:59 | Build | House |
| 18:03 | Queue | Archer |
| 18:40 | Build | House |
| 18:44 | Build | House |
| 18:46 | Age | Castle Age |
| 18:51 | Build | Town Center |
| 18:58 | Queue | Villager (Male) |
| 19:00 | Build | Palisade Wall |
| 19:06 | Research | Crossbowman (upgrade) |
| 19:17 | Build | House |
| 19:24 | Queue | Villager (Male) |
| 19:49 | Build | Farm |
| 19:54 | Queue | Villager (Male) |
| 20:05 | Research | Bodkin Arrow |
| 20:14 | Queue | Villager (Male) |
| 20:14 | Queue | Villager (Male) |
| 20:34 | Build | House |
| 20:44 | Queue | Villager (Male) |
| 20:44 | Queue | Villager (Male) |
| 21:01 | Queue | Villager (Male) |
| 21:01 | Queue | Villager (Male) |
| 21:25 | Queue | Villager (Male) |
| 21:28 | Queue | Villager (Male) |
| 21:29 | Queue | Archer |
| 21:29 | Queue | Archer |
| 21:43 | Queue | Villager (Male) |
| 21:47 | Build | House |
| 22:05 | Queue | Villager (Male) |
| 22:12 | Build | Siege Workshop |
| 22:18 | Build | House |
| 22:28 | Queue | Mangonel |
| 22:44 | Queue | Villager (Male) |
| 22:44 | Queue | Villager (Male) |
| 22:45 | Queue | Villager (Male) |
| 22:45 | Queue | Villager (Male) |
| 22:45 | Queue | Villager (Male) |
| 23:11 | Queue | Villager (Male) |
| 23:11 | Queue | Villager (Male) |
| 23:13 | Build | Farm |
| 23:15 | Build | Farm |
| 23:18 | Build | Farm |
| 23:57 | Queue | Villager (Male) |
| 24:01 | Build | House |
| 24:05 | Build | House |
| 24:07 | Queue | Mangonel |
| 24:08 | Queue | Villager (Male) |
| 24:09 | Queue | Villager (Male) |
| 24:09 | Queue | Villager (Male) |
| 24:14 | Build | Town Center |
| 24:28 | Queue | Mangonel |
| 24:29 | Queue | Villager (Male) |
| 24:29 | Queue | Villager (Male) |
| 24:52 | Queue | Villager (Male) |
| 25:12 | Queue | Villager (Male) |
| 25:13 | Queue | Villager (Male) |
| 25:13 | Queue | Villager (Male) |
| 25:21 | Queue | Villager (Male) |
| 25:22 | Queue | Villager (Male) |
| 25:28 | Build | Palisade Wall |
| 25:40 | Build | Palisade Wall |
| 25:50 | Queue | Villager (Male) |
| 25:50 | Queue | Villager (Male) |
| 25:50 | Queue | Villager (Male) |
| 25:54 | Build | Farm |
Build order — Mülayim Sert
First 150 of 296 actions detected
| 0:05 | Research | Loom |
| 0:39 | Queue | Villager (Male) |
| 0:39 | Queue | Villager (Male) |
| 1:07 | Queue | Villager (Male) |
| 1:07 | Queue | Villager (Male) |
| 1:29 | Queue | Villager (Male) |
| 1:29 | Queue | Villager (Male) |
| 1:54 | Queue | Villager (Male) |
| 1:54 | Queue | Villager (Male) |
| 2:16 | Queue | Villager (Male) |
| 2:47 | Queue | Villager (Male) |
| 2:51 | Queue | Villager (Male) |
| 3:24 | Queue | Villager (Male) |
| 3:30 | Build | House |
| 3:39 | Queue | Villager (Male) |
| 3:39 | Queue | Villager (Male) |
| 4:22 | Queue | Villager (Male) |
| 4:22 | Queue | Villager (Male) |
| 4:29 | Queue | Villager (Male) |
| 4:30 | Queue | Villager (Male) |
| 4:53 | Build | Lumber Camp |
| 5:01 | Build | House |
| 5:15 | Queue | Villager (Male) |
| 6:23 | Build | Mill |
| 6:30 | Queue | Villager (Male) |
| 6:54 | Research | Feudal Age |
| 7:52 | Build | House |
| 8:15 | Build | Barracks |
| 8:27 | Build | Mining Camp |
| 8:44 | Queue | Villager (Male) |
| 8:50 | Build | House |
| 8:52 | Build | Palisade Wall |
| 9:08 | Age | Feudal Age |
| 9:08 | Queue | Villager (Male) |
| 9:11 | Build | Archery Range |
| 9:27 | Queue | Villager (Male) |
| 9:47 | Queue | Villager (Male) |
| 10:14 | Build | House |
| 10:16 | Build | Palisade Wall |
| 10:18 | Research | Double-Bit Axe |
| 10:33 | Queue | Villager (Male) |
| 10:37 | Queue | Archer |
| 10:37 | Queue | Archer |
| 10:37 | Queue | Archer |
| 11:07 | Queue | Villager (Male) |
| 11:11 | Build | House |
| 11:28 | Queue | Archer |
| 11:33 | Build | Farm |
| 11:35 | Build | Farm |
| 11:44 | Queue | Villager (Male) |
| 11:44 | Queue | Villager (Male) |
| 11:47 | Build | House |
| 11:52 | Build | Palisade Wall |
| 12:10 | Build | Farm |
| 12:21 | Queue | Villager (Male) |
| 12:24 | Build | Farm |
| 12:26 | Build | Farm |
| 12:28 | Build | Farm |
| 12:33 | Queue | Archer |
| 12:35 | Queue | Archer |
| 13:02 | Queue | Villager (Male) |
| 13:08 | Build | Farm |
| 13:10 | Build | Farm |
| 13:18 | Queue | Archer |
| 13:26 | Queue | Villager (Male) |
| 13:46 | Queue | Villager (Male) |
| 13:57 | Queue | Villager (Male) |
| 14:03 | Queue | Villager (Male) |
| 14:17 | Queue | Archer |
| 14:23 | Build | House |
| 14:44 | Queue | Villager (Male) |
| 14:51 | Queue | Archer |
| 15:04 | Build | Blacksmith |
| 15:12 | Build | Blacksmith |
| 15:12 | Queue | Villager (Male) |
| 15:15 | Build | Farm |
| 15:32 | Build | Lumber Camp |
| 15:37 | Queue | Villager (Male) |
| 15:47 | Build | House |
| 15:50 | Build | Palisade Wall |
| 16:07 | Queue | Archer |
| 16:20 | Queue | Villager (Male) |
| 16:45 | Build | Farm |
| 16:49 | Build | Farm |
| 16:54 | Research | Castle Age |
| 17:00 | Build | Farm |
| 17:01 | Build | Farm |
| 17:11 | Build | Palisade Gate |
| 17:18 | Research | Padded Archer Armor |
| 17:41 | Research | Fletching |
| 17:55 | Build | Palisade Wall |
| 17:57 | Build | House |
| 17:59 | Build | Palisade Wall |
| 17:59 | Queue | Villager (Male) |
| 18:04 | Research | Horse Collar |
| 18:11 | Build | House |
| 18:20 | Build | Farm |
| 18:21 | Build | Farm |
| 19:17 | Queue | Villager (Male) |
| 19:34 | Age | Castle Age |
| 19:36 | Build | Town Center |
| 19:40 | Build | Town Center |
| 19:42 | Research | Bow Saw |
| 19:43 | Research | Wheelbarrow |
| 19:47 | Research | Crossbowman (upgrade) |
| 19:53 | Research | Bodkin Arrow |
| 19:53 | Research | Bodkin Arrow |
| 19:56 | Queue | Villager (Male) |
| 19:56 | Queue | Villager (Male) |
| 20:10 | Queue | Villager (Male) |
| 20:30 | Queue | Villager (Male) |
| 20:34 | Queue | Archer |
| 20:34 | Queue | Archer |
| 20:49 | Queue | Villager (Male) |
| 20:49 | Queue | Villager (Male) |
| 21:17 | Queue | Villager (Male) |
| 21:29 | Queue | Archer |
| 21:42 | Build | Farm |
| 21:46 | Build | Farm |
| 21:46 | Build | Farm |
| 21:46 | Build | Farm |
| 21:46 | Build | Farm |
| 21:49 | Queue | Villager (Male) |
| 21:56 | Queue | Archer |
| 21:57 | Queue | Archer |
| 22:39 | Queue | Villager (Male) |
| 22:40 | Queue | Villager (Male) |
| 22:44 | Queue | Villager (Male) |
| 22:45 | Queue | Villager (Male) |
| 22:50 | Build | Lumber Camp |
| 22:52 | Build | Farm |
| 22:53 | Build | Farm |
| 22:53 | Build | Farm |
| 22:53 | Build | Farm |
| 22:54 | Build | Farm |
| 22:55 | Build | Farm |
| 22:56 | Queue | Villager (Male) |
| 23:04 | Queue | Archer |
| 23:06 | Queue | Villager (Male) |
| 23:07 | Queue | Archer |
| 23:18 | Research | Bow Saw |
| 23:18 | Research | Bow Saw |
| 23:19 | Queue | Archer |
| 23:32 | Queue | Villager (Male) |
| 23:33 | Queue | Villager (Male) |
| 23:33 | Queue | Villager (Male) |
| 23:33 | Queue | Villager (Male) |
| 23:33 | Queue | Villager (Male) |
| 23:55 | Queue | Villager (Male) |
| 24:03 | Build | Stable |
Match timeline
| 5:23 | Katega · first_building Barracks |
| 6:48 | Katega · wall_segment Palisade Wall x14 |
| 8:15 | Mülayim Sert · first_building Barracks |
| 8:52 | Mülayim Sert · wall_segment Palisade Wall x1 |
| 9:08 | Mülayim Sert · age_up feudal |
| 9:11 | Mülayim Sert · first_building Archery Range |
| 10:08 | Katega · wall_segment Palisade Wall x1 |
| 10:09 | Katega · wall_segment Palisade Wall x1 |
| 10:10 | Katega · wall_segment Palisade Wall x1 |
| 10:10 | Katega · wall_segment Palisade Wall x1 |
| 10:16 | Mülayim Sert · wall_segment Palisade Wall x1 |
| 10:17 | Katega · wall_segment Palisade Wall x12 |
| 10:27 | Katega · wall_segment Palisade Wall x5 |
| 10:31 | Katega · wall_segment Palisade Wall x14 |
| 11:52 | Mülayim Sert · wall_segment Palisade Wall x10 |
| 11:53 | Katega · age_up feudal |
| 15:07 | Katega · first_building Archery Range |
| 15:50 | Mülayim Sert · wall_segment Palisade Wall x11 |
| 15:59 | Katega · first_market_sell 100 stone |
| 15:59 | Katega · first_market_buy 100 food |
| 17:55 | Mülayim Sert · wall_segment Palisade Wall x1 |
| 17:59 | Mülayim Sert · wall_segment Palisade Wall x1 |
| 18:46 | Katega · age_up castle |
| 19:00 | Katega · wall_segment Palisade Wall x1 |
| 19:34 | Mülayim Sert · age_up castle |
| 22:12 | Katega · first_building Siege Workshop |
| 24:03 | Mülayim Sert · first_building Stable |
| 25:28 | Katega · wall_segment Palisade Wall x1 |
| 25:40 | Katega · wall_segment Palisade Wall x1 |
| 27:25 | Katega · first_building Monastery |
| 29:39 | Mülayim Sert · first_building Monastery |
| 29:50 | Katega · first_building Castle |
| 32:01 | Mülayim Sert · first_market_buy 100 stone |
| 32:07 | Mülayim Sert · first_building Castle |
| 32:21 | Mülayim Sert · first_market_sell 100 food |
| 33:05 | Katega · wall_segment Stone Wall x10 |
| 33:36 | Mülayim Sert · age_up imperial |
| 33:42 | Katega · resign |
[ AI ANALYSIS · 1 CREDIT ]
What really happened in this match?
Wolo.gg analyzes every decision: build order, eco, micro, common mistakes by bracket. Personalized analysis on WhatsApp or Discord in 30 seconds.
Civ guide
Hindustanis
Perfil
Jugador #12241418